 Dungeon Crawl Stone Soup version 0.18.1-48-g4cf74bf (webtiles) character file.

64 urioxis the Skirmisher (level 3, -1/34 HPs)
             Began as a Minotaur Berserker on July 17, 2016.
             Was a Believer of Trog.
             Killed by nerve-wracking pain
             ... invoked by Grinder
              (11 damage)
             ... on level 3 of the Dungeon.
             The game lasted 00:04:12 (2199 turns).

urioxis the Skirmisher (Minotaur Berserker)         Turns: 2199, Time: 00:04:12

Health: -1/34      AC:  9    Str: 22    XL:     3   Next: 91%
Magic:  11/11      EV:  8    Int:  4    God:    Trog [**....]
Gold:   104        SH:  0    Dex:  9    Spells: 0 memorised, 2 levels left

rFire  . . .     SeeInvis .     f - +0 whip
rCold  . . .     Gourm    .     k - +0 chain mail
rNeg   . . .     Faith    .     (no shield)
rPois  .         Spirit   .     (helmet restricted)
rElec  .         Dismiss  .     (no cloak)
rCorr  .         Reflect  .     (no gloves)
SustAt .         Harm     .     (no boots)
MR     .....                    (no amulet)
Stlth  ..........               (no ring)
                                q - ring of magical power

@: not resistant to hostile enchantments, extremely unstealthy
A: retaliatory headbutt, horns 2
a: Berserk, Trog's Hand, Burn Spellbooks, Renounce Religion


You were on level 3 of the Dungeon.
You worshipped Trog.
Trog was pleased with you.
You were not hungry.

You visited 1 branch of the dungeon, and saw 3 of its levels.

You collected 104 gold pieces.

Inventory:

Hand Weapons
 a - a +0 mace
 f - a +0 whip (weapon)
Missiles
 i - 32 bolts
Armour
 k - a +0 chain mail (worn)
Jewellery
 q - a ring of magical power (left hand)
Wands
 r - a wand of disintegration (9/24)
Scrolls
 b - a scroll of fog {unknown}
 e - 2 scrolls of teleportation {unknown}
 g - 2 scrolls of identify {unknown}
 j - a scroll of remove curse {unknown}
 n - a scroll of enchant weapon {unknown}
Potions
 d - 3 potions of might {unknown}
 o - a potion of flight {unknown}
 p - a potion of heal wounds {unknown}
 s - a potion of cure mutation {unknown}
Comestibles
 c - 4 bread rations
 h - 2 meat rations
 l - a beef jerky
 m - 4 chunks of flesh


   Skills:
 + Level 4.5 Fighting
 * Level 4.1 Maces & Flails
 + Level 3.0 Armour
 + Level 3.1 Dodging


You had 2 spell levels left.
You didn't know any spells.

Dungeon Overview and Level Annotations

Branches:
Dungeon (3/15)

Altars:

Annotations:
D:3 Grinder


Innate Abilities, Weirdness & Mutations

You reflexively headbutt those who attack you in melee.
You have a pair of horns on your head.


Message History

Grinder gestures at you.
You barely resist. You barely miss Grinder. Your headbutt misses Grinder.
Grinder is severely wounded.
You hit Grinder. Your headbutt misses Grinder.
Grinder is severely wounded.
Grinder hits you.
You writhe in agony.
* * * LOW HITPOINT WARNING * * *
You are too injured to fight recklessly!
You are too injured to fight recklessly!
You are too injured to fight recklessly!
You are too injured to fight recklessly!
You hit Grinder but do no damage. You headbutt Grinder!
Grinder is almost dead.
Grinder blinks!
Grinder gestures at you.
You barely resist. Grinder gestures at you. Pain shoots through your body!
You die...

..# #.# ###.# .5.#
##.## #...##
#.#.#.##
#.#ยง...#####
#..@.......#
##...#.###.#
#.###.###.########.
#.# #.##.......>...
#.# #.##..#........
#.###.##..#.#######
#.##............##.
#.##.###..#.###....
#.##.# #..#.######.


You could see Grinder.

Vanquished Creatures
  An ooze (D:1)
  2 worms (D:2)
  2 dart slugs (D:1)
  A giant gecko (D:1)
  5 bats
  2 giant cockroaches
  2 goblins
  7 hobgoblins
  3 jackals (D:1)
  A ball python (D:2)
  6 giant newts
  10 kobolds
  5 rats
47 creatures vanquished.

Notes
Turn   | Place    | Note
--------------------------------------------------------------
     0 | D:1      | urioxis the Minotaur Berserker began the quest for the Orb.
     0 | D:1      | Reached XP level 1. HP: 19/19 MP: 0/0
   136 | D:1      | Reached XP level 2. HP: 4/27 MP: 1/1
   669 | D:1      | Reached ** piety under Trog
   675 | D:1      | Reached XP level 3. HP: 27/33 MP: 2/2
  1321 | D:2      | Found a faded altar to an unknown god.
  2178 | D:3      | Noticed Grinder
  2187 | D:3      | Paralysed by Grinder for 4 turns
  2199 | D:3      | Killed from afar by Grinder

Skill      XL: |  1  2  3 |
---------------+----------+-----
Fighting       | 4 |  4.5
Dodging        | 3 |  3.1
Maces & Flails | 4 |  4.1
Armour         | 3 |  3.0

Action                   || total
-------------------------++-------
Melee: Mace              ||    20
       Headbutt          ||    16
       Whip              ||    92
 Stab: Sleeping          ||     1
  Eat: Chunk             ||     4
Armor: Animal skin       ||     6
       Scale mail        ||    11
       Chain mail        ||    25
Dodge: Dodged            ||    45
